 Dungeon Sprint DCSS version 0.29-a0-72-g1732ff48e7 (webtiles) character file.

Game seed: 11749908517164063994

1367 SmokeWeed the Carver (level 8, -3/83 HPs)
             Began as a Minotaur Gladiator on Feb 4, 2022.
             Was an Elder of Okawaru.
             Killed by divine providence
             ... invoked by a meliai
              (13 damage)
             ... in the Dungeon (Sprint IX: "|||||||||||||||||||||||||||||").
             The game lasted 00:04:23 (346 turns).

SmokeWeed the Carver (Minotaur Gladiator)            Turns: 346, Time: 00:04:24

Health: -3/83      AC: 14    Str: 24    XL:     8   Next: 38%
Magic:  4/7        EV: 11    Int:  5    God:    Okawaru [****..]
Gold:   0          SH:  0    Dex: 15    Spells: 7/7 levels left

rFire   . . .      SeeInvis .   m - +2 scimitar (flame)
rCold   . . .      Faith    .   (no shield)
rNeg    . . .      Spirit   .   n - +0 plate armour
rPois   .          Reflect  .   c - +0 hat
rElec   .          Harm     .   a - +0 cloak
rCorr   .          Rampage  .   (no gloves)
Will    .....      NoTele   +   (no boots)
Stlth   ..........              (no amulet)
HPRegen 0.23/turn               o - +3 ring of dexterity
MPRegen 0.10/turn               p - +3 ring of strength

@: invisible
A: horns 2, retaliatory headbutt
a: Renounce Religion, Heroism, Finesse


You were in the Dungeon.
You worshipped Okawaru.
Okawaru was greatly pleased with you.
You visited 1 branch

Inventory:

Hand Weapons
 m - a +2 scimitar of flaming (weapon)
Missiles
 d - 3 throwing nets
 q - a curare-tipped dart
Armour
 a - a +0 cloak (worn)
 b - a +0 leather armour
 c - a +0 hat (worn)
 n - a +0 plate armour (worn)
Jewellery
 o - a +3 ring of dexterity (left hand)
 p - a +3 ring of strength (right hand)
Wands
 l - a wand of iceblast (7) (quivered)
Scrolls
 j - 2 scrolls of blinking
 k - 2 scrolls of amnesia
Potions
 e - 5 potions of curing
 f - 3 potions of heal wounds
 g - a potion of haste
 h - 4 potions of magic


   Skills:
 + Level 12.1 Fighting
 + Level 12.8 Long Blades
 + Level 3.9 Throwing
 - Level 6.2 Armour
 * Level 11.2 Dodging
 + Level 1.1 Stealth
 + Level 0.9 Invocations
 + Level 1.6 Evocations


You had 7 spell levels left.
You didn't know any spells.
Your spell library was empty.

Dungeon Overview and Level Annotations

Branches:
Dungeon (1/1)

Altars:
Cheibriados
Dithmenos
Elyvilon
Fedhas
Gozag
Hepliaklqana
Kikubaaqudgha
Makhleb
Nemelex Xobeh
Okawaru
Qazlal
Ru
Sif Muna
Trog
Uskayaw
Vehumet
Wu Jian
Xom
Yredelemnul
Zin
The Shining One
Beogh
Jiyva
Lugonu


Innate Abilities, Weirdness & Mutations

You have a pair of horns on your head.
You reflexively headbutt those who attack you in melee.


Message History

The seven-headed hydra barely misses you.
You furiously retaliate!
You headbutt the seven-headed hydra. The seven-headed hydra bites you!
* * * LOW HITPOINT WARNING * * *
The seven-headed hydra closely misses you.
The seven-headed hydra bites you.
* * * LOW HITPOINT WARNING * * *
The seven-headed hydra bites you but does no damage.
The seven-headed hydra closely misses you.
The seven-headed hydra bites you but does no damage.
You slice one of the seven-headed hydra's heads off!
The flame cauterises the wound!
You slash the six-headed hydra! You burn the six-headed hydra!
The six-headed hydra is almost dead.
You slice one of the six-headed hydra's heads off!
The flame cauterises the wound!
You slash the five-headed hydra! You burn the five-headed hydra.
You kill the five-headed hydra!
Okawaru is honoured by your kill.
Okawaru will now gift you ammunition as you gain piety.
Your base Fighting skill increases to level 12!
Your base Long Blades skill increases to level 12!
Your base Dodging skill gained 2 levels and is now at level 11!
Your base Stealth skill increases to level 1!
You have reached level 8!
You feel stronger.
You hit the cyclops but do no damage. You slice the cyclops!!
You burn the cyclops.
The cyclops is severely wounded.
The manticore flicks its tail.
The volley of spikes hits the meliai!
The meliai buzzes angrily.
You catch the helpless cyclops completely off-guard!
You slash the cyclops! You burn the cyclops.
You kill the cyclops!
Okawaru is honoured by your kill.
You can now speed up your combat.
You feel like a meek peon again.
The meliai invokes the aid of its god against you.
Something smites you!
You die... ▓▓▓▓▓▓▓▓▓▓▓▓▓▓▓▓▓▓▓▓▓▓▓ .).[....)).....'@(.yH.+ ▓▓▓▓▓▓▓▓▓▓▓▓▓▓▓▓▓▓▓▓▓▓▓

You could see a manticore and a meliai (skewered).

Vanquished Creatures
  A hydra (D)
  A centaur warrior (D)
  A cyclops (D)
  A yak (D)
  A steam dragon (D)
  An ice beast (D)
  An ogre (D)
  A kobold brigand (D)
  A gnoll sergeant (D)
  A wight (D)
  An orc priest (D)
  An adder zombie (D)
  An adder skeleton (D)
  A dart slug (D)
  An endoplasm (D)
  A quokka (D)
  A ball python (D)
  A ball python skeleton (D)
  A rat (D)
19 creatures vanquished.

Vanquished Creatures (others)
  A shadow (D)
1 creature vanquished.

Grand Total: 20 creatures vanquished

Notes
Turn   | Place    | Note
-------+----------+-------------------------------------------
     0 | D        | SmokeWeed the Minotaur Gladiator began the quest for the
                  | Orb.
     0 | D        | Reached XP level 1. HP: 18/18 MP: 0/0
   125 | D        | Noticed an ogre
   125 | D        | Noticed an ice beast
   129 | D        | Killed an ogre
   130 | D        | Reached XP level 2. HP: 31/31 MP: 1/1
   130 | D        | Reached XP level 3. HP: 38/38 MP: 2/2
   130 | D        | Reached XP level 4. HP: 45/45 MP: 3/3
   135 | D        | Killed an ice beast
   136 | D        | Reached skill level 10 in Fighting
   136 | D        | Reached XP level 5. HP: 59/59 MP: 4/4
   138 | D        | Reached skill level 1 in Armour
   236 | D        | Found a snail-covered altar of Cheibriados.
   236 | D        | Found a shadowy altar of Dithmenos.
   236 | D        | Found a white marble altar of Elyvilon.
   236 | D        | Found a blossoming altar of Fedhas.
   236 | D        | Found an opulent altar of Gozag.
   237 | D        | Found a hazy altar of Hepliaklqana.
   238 | D        | Found a viscous altar of Jiyva.
   239 | D        | Found an ancient bone altar of Kikubaaqudgha.
   240 | D        | Found a corrupted altar of Lugonu.
   241 | D        | Found a burning altar of Makhleb.
   242 | D        | Found a sparkling altar of Nemelex Xobeh.
   243 | D        | Found an iron altar of Okawaru.
   244 | D        | Found a stormy altar of Qazlal.
   245 | D        | Found a sacrificial altar of Ru.
   246 | D        | Found a shimmering blue altar of Sif Muna.
   247 | D        | Found a bloodstained altar of Trog.
   248 | D        | Found a hide-covered altar of Uskayaw.
   249 | D        | Found a radiant altar of Vehumet.
   250 | D        | Found an ornate altar of the Wu Jian Council.
   251 | D        | Became a worshipper of Warmaster Okawaru
   252 | D        | Found a shimmering altar of Xom.
   253 | D        | Found a basalt altar of Yredelemnul.
   254 | D        | Found a glowing silver altar of Zin.
   255 | D        | Found a glowing golden altar of the Shining One.
   303 | D        | Noticed a yak
   303 | D        | Noticed a steam dragon
   310 | D        | Reached skill level 5 in Dodging
   310 | D        | Reached XP level 6. HP: 66/67 MP: 5/5
   317 | D        | Killed a yak
   317 | D        | Reached * piety under Okawaru
   318 | D        | Reached skill level 10 in Long Blades
   318 | D        | Reached XP level 7. HP: 74/74 MP: 6/6
   320 | D        | Killed a steam dragon
   333 | D        | Noticed a shadow
   333 | D        | Noticed a centaur warrior
   333 | D        | Noticed an eight-headed hydra
   333 | D        | Noticed a cyclops
   333 | D        | Noticed a meliai
   333 | D        | Noticed a manticore
   335 | D        | Killed a shadow
   339 | D        | Killed a centaur warrior
   339 | D        | Reached ** piety under Okawaru
   340 | D        | Reached skill level 1 in Evocations
   343 | D        | Killed a five-headed hydra
   343 | D        | Reached *** piety under Okawaru
   344 | D        | Reached skill level 1 in Stealth
   344 | D        | Reached XP level 8. HP: 10/83 MP: 4/7
   346 | D        | Killed a cyclops
   346 | D        | Reached **** piety under Okawaru
   346 | D        | Killed from afar by a meliai

Illustrated notes

Levels and vault maps discovered:
D:        linesprint [early_d, line_temple, items_1, d_10, items_2, lair_1,
          lair_end, items_3, orc_1, orc_end, items_4, d_15, swamp_1, shoals_1,
          snake_1, spider_1, d_20, vaults_1, items_5, swamp_end, shoals_end,
          snake_end, spider_end, vaults_end, d_27, items_6, zot_1, zot_end,
          crypt_end, forest_end, elf_end, slime_end, tomb_end, abyss_end,
          pan_hell_end]

Skill      XL: |  1  2  3  4  5  6  7 |
---------------+----------------------+-----
Long Blades    | 8 10 12 | 12.8
Fighting       | 6 10 11 12 | 12.1
Armour         | 6 |  6.2
Dodging        | 5 8 11 | 11.2
Throwing       | 3 |  3.9
Evocations     | 1 |  1.6
Stealth        | 1 |  1.1
Invocations    | |  0.9

Action                   |  1- 3 |  4- 6 |  7- 9 || total
-------------------------+-------+-------+-------++-------
Melee: Long sword        |    14 |    11 |       ||    25
       Headbutt          |     2 |     5 |     1 ||     8
       Scimitar          |       |    11 |    15 ||    26
Invok: Heroism           |       |       |     2 ||     2
Evoke: Wand              |       |     3 |       ||     3
  Use: Potion            |     1 |       |     1 ||     2
 Stab: Invisible         |       |       |     2 ||     2
Armor: Leather armour    |     2 |     1 |       ||     3
       Plate armour      |       |     3 |     5 ||     8
Dodge: Dodged            |     9 |     5 |     9 ||    23

Table legend: (Time is in decaauts)
 A = Elapsed time spent in this place.
 B = Non-inter-level travel time spent in this place.
 C = Inter-level travel time spent in this place.
 D = Time resting spent in this place.
 E = Time spent auto-exploring this place.
 F = Levels seen in this place.
 G = Mean time per level.
                   A        B        C        D        E       F      G
               +--------+--------+--------+--------+--------+-----+--------+
         Total |    350 |    350 |      0 |    206 |      0 |   1 |  350.0 |
       Dungeon |    350 |    350 |      0 |    206 |      0 |   1 |  350.0 |
               +--------+--------+--------+--------+--------+-----+--------+

Top non-repeatable levels by time:
       D: 350 daAuts
